 Dungeon Crawl Stone Soup version 0.26.1-11-gd32895ea62 (webtiles) character file.

Game seed: 6291157427920587310

14 phalm the Conjurer (level 2, 0/19 HPs)
             Began as a Demonspawn Conjurer on June 16, 2021.
             Slain by a gnoll
             ... wielding a +0 spear
              (11 damage)
             ... on level 1 of the Dungeon.
             The game lasted 00:01:00 (681 turns).

phalm the Conjurer (Demonspawn Conjurer)             Turns: 681, Time: 00:01:01

Health: 0/19       AC:  2    Str:  7    XL:     2   Next: 27%
Magic:  0/5        EV: 12    Int: 19    God:
Gold:   96         SH:  0    Dex: 11    Spells: 3/6 levels left

rFire    . . .     SeeInvis .   e - +0 dagger
rCold    . . .     Faith    .   (no shield)
rNeg     . . .     Spirit   .   a - +0 robe
rPois    .         Reflect  .   (helmet restricted)
rElec    .         Harm     .   (no cloak)
rCorr    .         Rampage  .   (no gloves)
Will     .....                  (no boots)
Stlth    ++........             (no amulet)
HPRegen  0.06/turn              (no ring)
MPRegen  0.09/turn              (no ring)

@: no status effects
A: horns 1
a: no special abilities


You were on level 1 of the Dungeon.
You visited 1 branch of the dungeon, and saw 1 of its levels.

You collected 96 gold pieces.


Innate Abilities, Weirdness & Mutations

You have a pair of small horns on your head.


   Skills:
 - Level 1.7 Dodging
 - Level 1.7 Stealth
 * Level 2.6 Spellcasting
 + Level 4.2 Conjurations


You had 3 spell levels left.
You knew the following spells:

 Your Spells              Type           Power        Failure   Level
m - Magic Dart            Conj           72%          2%          1
s - Searing Ray           Conj           36%          4%          2

Your spell library contained the following spells:

 Spells                   Type           Power        Failure   Level
 Dazzling Flash           Conj/Hex       20%          21%         3
 Fulminant Prism          Conj/Hex       5%           54%         4
 Iskenderun's Mystic Bla  Conj/Tloc      10%          54%         4

Inventory:

Hand Weapons
 e - a +0 dagger (weapon)
   (You took it off a goblin on level 1 of the Dungeon)
Armour
 a - a +0 robe (worn)
 c - a +0 helmet
   (You found it on level 1 of the Dungeon)
Scrolls
 d - a scroll of noise {unknown}
Potions
 b - a potion of might {unknown}
 f - a potion of attraction {unknown}
 g - a potion of heal wounds {unknown}

Dungeon Overview and Level Annotations

Branches:
Dungeon (1/15)

Altars:

####### ### #.....# ..#
#.....# #.# #.....#
#.########.....# #
.........#.....# ##...
.........#.....###...###
................@g......
.........#.....###..[###
.........####### ..#
#..####### .# ##.# #
...# .### .# .#


You could see a gnoll.


Message History

Found a stone staircase leading down.
There is a stone staircase leading down here.
A frilled lizard comes into view.
The magic dart hits the frilled lizard.
You kill the frilled lizard! 😎 MP[-1]
You lost 1 mp, and now have 4/5 mp.
You can't see any susceptible monsters within range! (Use Z to cast anyway.)
Found a stone staircase leading down. 😎 MP[+1]
Your mp is fully restored (5).
You open the door.
There is an open door here.
You open the door.
There is an open door here.
f - a viscous sapphire potion You see here 24 arrows.
Found a stone staircase leading down.
There is a stone staircase leading down here.
You see here 14 stones.
A rat and a kobold come into view.
The kobold shouts!
The magic dart hits the kobold. 😎 MP[-1]
You lost 1 mp, and now have 4/5 mp.
The magic dart hits the kobold.
You kill the kobold! 😎 MP[-1]
You lost 1 mp, and now have 3/5 mp.
The magic dart hits the rat.
You kill the rat! 😎 MP[-1]
You lost 1 mp, and now have 2/5 mp.
You can't see any susceptible monsters within range! (Use Z to cast anyway.)
You can't see any susceptible monsters within range! (Use Z to cast anyway.)
You open the door.
There is an open door here.
You now have 48 gold pieces (gained 8).
There is an open door here.
You now have 64 gold pieces (gained 16).
You now have 76 gold pieces (gained 12).
g - a fuming black potion 😎 MP[+3]
Your mp is fully restored (5).
You now have 86 gold pieces (gained 10).
You now have 96 gold pieces (gained 10).
As you open the door, it creaks loudly!
There is an open door here.
You open the door.
A gnoll comes into view. It is wielding a +0 spear.
The magic dart hits the gnoll.
The gnoll shouts! 😎 MP[-1]
You lost 1 mp, and now have 4/5 mp.
The magic dart hits the gnoll but does no damage. 😎 MP[-1]
You lost 1 mp, and now have 3/5 mp.
The magic dart hits the gnoll. 😎 MP[-1]
You lost 1 mp, and now have 2/5 mp.
The magic dart hits the gnoll but does no damage. 😎 MP[-1]
You lost 1 mp, and now have 1/5 mp.
The magic dart hits the gnoll. 😎 MP[-1]
You lost 1 mp, and now have 0/5 mp.
You are too depleted to draw on your mana recklessly!
As you close the door, it creaks loudly!
A gnoll opens the door.
A giant cockroach comes into view.
You close the door.
A gnoll opens the door.
You close the door.
A gnoll opens the door.
You close the door.
A gnoll opens the door.
As you close the door, it creaks loudly!
A gnoll opens the door.
You close the door.
A gnoll opens the door. 😎 MP[+1]
You closely miss the giant cockroach.
The gnoll hits you from afar with a +0 spear.
The giant cockroach barely misses you. 😕 HP[-1]
You take 1 damage, and now have 18/19 hp. 😎 HP[+1]
Your hp is fully restored (19).
The magic dart hits the giant cockroach.
You kill the giant cockroach!
The gnoll closely misses you. 😎 MP[-1]
You lost 1 mp, and now have 0/5 mp.
The gnoll closely misses you.
You see here a giant cockroach corpse.
You hit the gnoll but do no damage. The gnoll closely misses you.
You closely miss the gnoll. The gnoll hits you but does no damage.
You hit the gnoll but do no damage.
The gnoll hits you with a +0 spear! 😮 HP[-8]
You take 8 damage, and now have 11/19 hp.
MASSIVE DAMAGE!! (PAUSE)
You hit the gnoll but do no damage. The gnoll hits you with a +0 spear!
Ouch! That really hurt!
You die...

Action                   || total
-------------------------++-------
Melee: Unarmed           ||     3
       Dagger            ||     5
 Cast: Magic Dart        ||    25
Armor: Robe              ||     1
Dodge: Dodged            ||     9

Levels and vault maps discovered:
D:1:      eino_arrival_cavern_a, layout_basic, serial_bayou_pond_c,
          minmay_misc_feat_tiny, corexii_hall_statues_i

Notes
Turn   | Place    | Note
-------+----------+-------------------------------------------
     0 | D:1      | phalm the Demonspawn Conjurer began the quest for the Orb.
     0 | D:1      | Reached XP level 1. HP: 13/13 MP: 3/3
     0 | D:1      | magus.rc [v1.9.10]
   282 | D:1      | Gained mutation: You have a pair of small horns on your
                  | head. [demonic ancestry]
   282 | D:1      | Reached XP level 2. HP: 19/19 MP: 1/5
   285 | D:1      | Learned a level 2 spell: Searing Ray
   681 | D:1      | Slain by a gnoll

Vanquished Creatures
  A dart slug (D:1)
  2 giant cockroaches (D:1)
  2 goblins (D:1)
  A hobgoblin (D:1)
  A kobold (D:1)
  2 frilled lizards (D:1)
  2 rats (D:1)
11 creatures vanquished.

Table legend:
 A = Non-vault XP
 B = Vault XP
 C = Vault XP percentage of total XP
 D = Non-vault monster count
 E = Vault monster count
 F = Vault count percentage of total count
                 A         B        C        D         E       F
            +---------+---------+-------+---------+---------+-------
      Total |      20 |       0 |   0.0 |      11 |       0 |   0.0
            +---------+---------+-------+---------+---------+-------
        D:1 |      20 |       0 |   0.0 |      11 |       0 |   0.0
            +---------+---------+-------+---------+---------+-------

Illustrated notes

Table legend:
 A = Kills in this place as a percentage of kills in entire the game.
 B = Kills by you in this place as a percentage of kills by you in the entire game.
 C = Kills by friends in this place as a percentage of kills by friends in the entire game.
 D = Other kills in this place as a percentage of other kills in the entire game.
 E = Experience gained in this place as a percentage of experience gained in the entire game.
 F = Experience gained in this place divided by the number of levels of this place that you have seen.
                   A       B       C       D       E      F
               +-------+-------+-------+-------+-------+----------------------
         Total | 100.0 | 100.0 |   N/A |   N/A | 100.0 |  20.0
       Dungeon | 100.0 | 100.0 |   N/A |   N/A | 100.0 |  20.0
               +-------+-------+-------+-------+-------+----------------------

Table legend: (Time is in decaauts)
 A = Elapsed time spent in this place.
 B = Non-inter-level travel time spent in this place.
 C = Inter-level travel time spent in this place.
 D = Time resting spent in this place.
 E = Time spent auto-exploring this place.
 F = Levels seen in this place.
 G = Mean time per level.
                   A        B        C        D        E       F      G
               +--------+--------+--------+--------+--------+-----+--------+
         Total |    680 |    680 |      0 |      0 |    616 |   1 |  680.0 |
       Dungeon |    680 |    680 |      0 |      0 |    616 |   1 |  680.0 |
               +--------+--------+--------+--------+--------+-----+--------+

Top non-repeatable levels by time:
     D:1: 680 daAuts
